 Dungeon Crawl Stone Soup version 0.30.1-4-g462c640d31 (webtiles) character file.

Game seed: 7929146052816702616

252 Almogavar the Covert (level 6, 0/44 HPs)
             Began as a Gnoll Wanderer on Sept 7, 2023.
             Slain by Pikel
             ... wielding a +1 whip of flaming
              (1 damage)
             ... on level 4 of the Dungeon.
             The game lasted 00:13:37 (4093 turns).

Almogavar the Covert (Gnoll Wanderer)               Turns: 4093, Time: 00:13:38

Health: 0/44       AC:  4    Str: 11    XL:     6   Next: 13%
Magic:  8/8        EV: 14    Int: 10    God:
Gold:   120        SH:  0    Dex: 15    Spells: 8/8 levels left

rFire   . . .        c - +0 hand axe
rCold   . . .        (no shield)
rNeg    . . .        o - +1 robe "Kidev" {rPois}
rPois   +            (no helmet)
rElec   .            (no cloak)
rCorr   .            d - +0 pair of gloves
SInv    .            (no boots)
Will    .....        (no amulet)
Stlth   ++++         (no ring)
HPRegen 0.27/turn    (no ring)
MPRegen 0.11/turn

%: no passive effects
@: no status effects
A: fangs 1, strong nose, distributed training
a: no special abilities


You were on level 4 of the Dungeon.
You visited 1 branch of the dungeon, and saw 5 of its levels.

You collected 120 gold pieces.

Inventory:

Hand Weapons
 a - a +2 dagger
 c - a +0 hand axe (weapon)
 m - a +0 sling
Armour
 d - a +0 pair of gloves (worn)
 i - the +6 scale mail of Otismorgh {Drain rF+ Int+2}
   (You found it on level 2 of the Dungeon)

   Int:       It affects your intelligence (+2).
   rF:        It protects you from fire.
   Drain:     It drains your maximum health when unequipped.
 o - the +1 robe "Kidev" (worn) {rPois}
   (You found it on level 3 of the Dungeon)

   rPois:     It protects you from poison.
Scrolls
 b - a scroll of poison {unknown}
 e - 3 scrolls of fog
 f - a scroll of silence
 l - a scroll of enchant armour
 n - a scroll of brand weapon
 p - a scroll of magic mapping {unknown}
 q - 2 scrolls of amnesia {unknown}
 r - 2 scrolls of immolation {unknown}
Potions
 g - a potion of resistance
 h - a potion of curing
 j - a potion of brilliance {unknown}
 k - a potion of haste {unknown}
 s - a potion of attraction {unknown}


   Skills:
 + Level 1.9 Fighting
 + Level 1.9 Short Blades
 + Level 1.9 Long Blades
 + Level 3.2 Axes
 + Level 1.9 Maces & Flails
 + Level 1.9 Polearms
 + Level 1.9 Staves
 + Level 1.9 Ranged Weapons
 + Level 3.2 Throwing
 + Level 1.9 Armour
 + Level 4.9 Dodging
 + Level 9.7 Stealth
 + Level 1.9 Shields
 + Level 1.9 Unarmed Combat
 + Level 1.9 Spellcasting
 + Level 1.5 Conjurations
 + Level 1.5 Hexes
 + Level 1.5 Summonings
 + Level 1.5 Necromancy
 + Level 1.5 Translocations
 + Level 1.5 Transmutations
 + Level 1.5 Fire Magic
 + Level 1.5 Ice Magic
 + Level 1.5 Air Magic
 + Level 1.5 Earth Magic
 + Level 1.5 Poison Magic
 + Level 2.1 Invocations
 + Level 3.2 Evocations


You had 8 spell levels left.
You didn't know any spells.
Your spell library was empty.

Dungeon Overview and Level Annotations

Branches:
Dungeon (5/15)
 Temple: D:4-7

Altars:
Ashenzari
Qazlal
Uskayaw
Vehumet
Wu Jian
Yredelemnul

Shops:
D:2 (

Annotations:
D:4 Pikel


Innate Abilities, Weirdness & Mutations

You have very sharp teeth.
Your uncanny sense of smell can sniff out nearby items.
Your experience applies equally to all skills.


Message History

The lemure is almost dead.
The lemure closely misses you.
You hit the lemure.
You kill the lemure!
That felt strangely unrewarding.
You start resting.
Pikel is nearby!
There is an open door here.
You start resting.
Pikel is nearby!
m - a +0 sling (weapon)
You shoot a sling bullet.
Pikel shouts!
The sling bullet hits Pikel.
Pikel is lightly wounded.
Pikel zaps a wand.
You resist with some effort.
The now-empty wand crumbles to dust.
You shoot a sling bullet. The sling bullet closely misses Pikel.
You shoot a sling bullet. The sling bullet barely misses Pikel.
You shoot a sling bullet. The sling bullet closely misses Pikel.
Pikel says, "You'll freeze in Cocytus!"
You shoot a sling bullet. The sling bullet hits Pikel.
Pikel is lightly wounded.
Okay, then.
Okay, then.
c - a +0 hand axe (weapon)
You slash Pikel! Your bite misses Pikel.
Pikel is moderately wounded.
Pikel hits you but does no damage.
You hit Pikel.
Pikel is moderately wounded.
Pikel hits you with a +1 whip of flaming!
Pikel burns you.
* * * LOW HITPOINT WARNING * * *
You miss Pikel.
Pikel is moderately wounded.
Pikel hits you with a +1 whip of flaming!
* * * LOW HITPOINT WARNING * * *
Pikel burns you.
You die...

....##....##........#............
...<##.(...+........#............
######....##...##...#.....#######
..........##...##...#.....#......
....########........#.....#......
....##....##...##...#.....#......
######.K.......##...#.....#....>.
....##.........#....#.....#......
...............K@...#.....##'####
....##....##...#...^#............
K...##....##...#....#............
....##.........##...#............
....##.........######............
................#...#............
................#...#............
................#...#............
....##....##....#...#.....#######


You could see Pikel.

Vanquished Creatures
  A phantom (D:4)
  4 lemures
  A jelly (D:4)
  4 gnolls
  5 adders
  A shadow imp (D:5)
  A worm (D:2)
  A dart slug (D:3)
  3 orcs
  3 bats
  4 endoplasms
  3 giant cockroaches
  4 goblins
  3 hobgoblins
  7 jackals (D:3)
  2 ball pythons
  2 frilled lizards
  6 kobolds
  2 rats
57 creatures vanquished.

Notes
Turn   | Place    | Note
-------+----------+-------------------------------------------
     0 | D:1      | Reached skill level 9 in Stealth
     0 | D:1      | Almogavar the Gnoll Wanderer began the quest for the Orb.
     0 | D:1      | Almogavar set off with the following items: a +2 dagger, a
                  | scroll of blinking, a +0 hand axe, a +0 pair of gloves, a
                  | scroll of fog, a +0 leather armour.
     0 | D:1      | Reached XP level 1. HP: 13/13 MP: 1/1
   199 | D:1      | You fall into a shaft and drop 1 floor!
   211 | D:2      | Reached XP level 2. HP: 19/19 MP: 2/2
   211 | D:2      | Found Veegh's Antique Weapon Boutique.
   213 | D:2      | Identified the +6 scale mail of Otismorgh {Drain rF+ Int+2}
   568 | D:2      | Reached XP level 3. HP: 23/25 MP: 3/3
   725 | D:2      | Found a basalt altar of Yredelemnul.
  1306 | D:3      | Reached skill level 1 in Invocations
  1392 | D:3      | Reached skill level 1 in Fighting
  1392 | D:3      | Reached skill level 1 in Short Blades
  1392 | D:3      | Reached skill level 1 in Long Blades
  1392 | D:3      | Reached skill level 1 in Maces & Flails
  1392 | D:3      | Reached skill level 1 in Polearms
  1392 | D:3      | Reached skill level 1 in Staves
  1392 | D:3      | Reached skill level 1 in Ranged Weapons
  1392 | D:3      | Reached skill level 1 in Armour
  1392 | D:3      | Reached skill level 1 in Shields
  1392 | D:3      | Reached skill level 1 in Unarmed Combat
  1392 | D:3      | Reached skill level 1 in Spellcasting
  1702 | D:3      | Reached XP level 4. HP: 24/32 MP: 5/5
  1865 | D:3      | Identified the +1 robe "Kidev" {rPois}
  2134 | D:4      | Reached skill level 1 in Conjurations
  2134 | D:4      | Reached skill level 1 in Hexes
  2134 | D:4      | Reached skill level 1 in Summonings
  2134 | D:4      | Reached skill level 1 in Necromancy
  2134 | D:4      | Reached skill level 1 in Translocations
  2134 | D:4      | Reached skill level 1 in Transmutations
  2134 | D:4      | Reached skill level 1 in Fire Magic
  2134 | D:4      | Reached skill level 1 in Ice Magic
  2134 | D:4      | Reached skill level 1 in Air Magic
  2134 | D:4      | Reached skill level 1 in Earth Magic
  2134 | D:4      | Reached skill level 1 in Poison Magic
  2167 | D:4      | Found a hide-covered altar of Uskayaw.
  2168 | D:4      | Found a radiant altar of Vehumet.
  2169 | D:4      | Found a stormy altar of Qazlal.
  2169 | D:4      | Found an ornate altar of the Wu Jian Council.
  2360 | D:4      | Noticed a phantom
  2363 | D:4      | Found a broken altar of Ashenzari.
  2387 | D:4      | Killed a phantom
  2388 | D:4      | Reached XP level 5. HP: 18/37 MP: 5/7
  2619 | D:4      | Noticed a lemure
  2657 | D:4      | Killed a lemure
  2805 | D:4      | Noticed a lemure
  2806 | D:4      | Noticed a lemure
  2848 | D:4      | Killed a lemure
  2939 | D:4      | Noticed Pikel
  2944 | D:4      | Noticed a lemure
  3151 | D:3      | Killed a lemure
  3455 | D:5      | Entered Level 5 of the Dungeon
  3550 | D:5      | Reached XP level 6. HP: 8/44 MP: 8/8
  3726 | D:4      | HP: 2/44 [gnoll/+0 halberd (4)]
  4093 | D:4      | HP: 1/44 [Pikel/+1 whip of flaming (12)]
  4093 | D:4      | Slain by Pikel

Illustrated notes

Levels and vault maps discovered:
D:1:      nzn_arrival_depleted_hourglass, layout_basic, minmay_rat_gold_closets
D:2:      layout_rooms, serial_co_window_serial, co_window_corner_a,
          co_window_paths_a, co_window_of_opportunity_a, co_window_paths_b,
          co_window_of_opportunity_a, co_window_of_opportunity_a,
          co_window_broadway_a, co_window_broadway_a, co_window_corner_b,
          co_window_sun, co_window_4corner_a, glass_columns_a, glass_columns_a,
          glass_columns_c, glass_columns_b, glass_columns_b, basic_altar,
          serial_shops, nicolae_shop_just_a_little_nook
D:3:      layout_basic
D:4:      layout_gridville, mainiacjoe_overflow_tiny_flanked,
          mainiacjoe_overflow_alcove_3, uniq_pikel
D:5:      layout_rooms, temple_hall_moat

Skill      XL: |  1  2  3  4  5 |
---------------+----------------+-----
Stealth        | |  9.7
Invocations    | 1 2 |  2.1
Fighting       | 1 |  1.9
Short Blades   | 1 |  1.9
Long Blades    | 1 |  1.9
Maces & Flails | 1 |  1.9
Polearms       | 1 |  1.9
Staves         | 1 |  1.9
Ranged Weapons | 1 |  1.9
Armour         | 1 |  1.9
Shields        | 1 |  1.9
Unarmed Combat | 1 |  1.9
Spellcasting   | 1 |  1.9
Conjurations   | 1 |  1.5
Hexes          | 1 |  1.5
Summonings     | 1 |  1.5
Necromancy     | 1 |  1.5
Translocations | 1 |  1.5
Transmutations | 1 |  1.5
Fire Magic     | 1 |  1.5
Ice Magic      | 1 |  1.5
Air Magic      | 1 |  1.5
Earth Magic    | 1 |  1.5
Poison Magic   | 1 |  1.5
Axes           | 3 |  3.2
Throwing       | 3 |  3.2
Evocations     | 3 |  3.2
Dodging        | |  4.9

Action                     |  1- 3 |  4- 6 || total
---------------------------+-------+-------++-------
  Melee: Dagger            |    37 |   115 ||   152
         Hand axe          |    43 |    79 ||   122
         Punch             |     1 |    10 ||    11
         Bite              |     4 |    22 ||    26
   Fire: Sling             |     8 |    50 ||    58
    Use: Scroll            |     6 |     3 ||     9
   Stab: Sleeping          |     8 |     2 ||    10
 Armour: Leather armour    |    31 |     8 ||    39
         Robe              |       |    24 ||    24
  Dodge: Dodged            |    62 |   123 ||   185
